PBL
YORK REVOLUTION @ CANTON INDIANS
07/08/2045
 
TOP OF THE 1ST
York Revolution batting - Pitching for Canton Indians : RHP Josh Hughes
Pitching: RHP Josh Hughes
Batting: RHB Victor Arias 0-0: Called Strike
0-1: Foul Ball, location: 2F
0-2: SINGLE (Groundball, 34S, EV 71.9 MPH) (infield hit)
Batting: RHB Ivan Barrientos 0-0: Foul Ball, location: 2F
0-1: TRIPLE (Line Drive, 89XD, EV 113.1 MPH)
Victor Arias scores
Batting: RHB Frank Ramirez 0-0: Called Strike
0-1: Fly out, F7 (Line Drive, 7S, EV 98.1 MPH)
Runner from 3rd tags up, SCORES, throw by LF
Batting: SHB Brett St. Clair 0-0: SINGLE (Line Drive, 4D, EV 110.0 MPH)
Batting: RHB Lee Wright 0-0: Foul Ball, location: 2F
0-1: Ball
1-1: Called Strike
1-2: Ball
2-2: Foul Ball, location: 2F
2-2: Foul Ball, location: 2F
2-2: SINGLE (Line Drive, 9S, EV 103.1 MPH)
Brett St. Clair to second
Batting: RHB Guan-pei Gao 0-0: Ball
1-0: Called Strike
1-1: Ball
2-1: Foul Ball, location: 2F
2-2: Fielders Choice at 2nd, 1-6 (Groundball, 13S, EV 65.6 MPH)
Brett St. Clair to third
Batting: RHB Joel Gomez 0-0: Ball
1-0: Called Strike
1-1: Ball
2-1: Swinging Strike
2-2: Strikes out swinging
Top of the 1st over - 2 runs, 4 hits, 0 errors, 2 left on base; York 2 - Canton 0
BOTTOM OF THE 1ST
Canton Indians batting - Pitching for York Revolution : RHP Jeremy Trotter
Pitching: RHP Jeremy Trotter
Batting: LHB Shane Montalvo 0-0: Ball
1-0: Ball
2-0: Called Strike
2-1: SINGLE (Groundball, 4MD, EV 94.4 MPH)
Batting: RHB John Bianconi 0-0: Ball
Shane Montalvo steals 2nd base
1-0: SINGLE (Groundball, P, EV 85.6 MPH) (infield hit)
Shane Montalvo to third
Batting: LHB Dave Key 0-0: Ball
1-0: Called Strike
1-1: Ball
2-1: Ball
3-1: Base on Balls
John Bianconi to second
Batting: LHB Jeff Palmowski 0-0: Ball
1-0: SINGLE (Groundball, 6MD, EV 101.9 MPH)
Shane Montalvo scores
John Bianconi to third
Dave Key to second
Batting: RHB Eric Kuck 0-0: Ball
1-0: Swinging Strike
1-1: SINGLE (Line Drive, 7S, EV 91.2 MPH)
John Bianconi scores
Dave Key to third
Jeff Palmowski to second
Batting: RHB Jesus Montana 0-0: Ball
1-0: Fielders Choice at 2nd, 4-6 (Groundball, 4, EV 108.1 MPH)
Dave Key scores
Jeff Palmowski to third
Batting: RHB Aaron Stout 0-0: Ball
1-0: Fielders Choice at 2nd, 6-4 (Groundball, 6, EV 86.9 MPH)
Jeff Palmowski scores
Batting: RHB Ighlas Mwara 0-0: Foul Ball, location: 2F
0-1: Fly out, F8 (Flyball, 8LD, EV 90.6 MPH)
Bottom of the 1st over - 4 runs, 4 hits, 0 errors, 1 left on base; York 2 - Canton 4
TOP OF THE 2ND
York Revolution batting - Pitching for Canton Indians : RHP Josh Hughes
Batting: RHB Eddie Serna 0-0: Ball
1-0: Foul Ball, location: 2F
1-1: Foul Ball, location: 2F
1-2: Ball
2-2: Strikes out swinging
Batting: SHB Steve DeRienzo 0-0: Called Strike
0-1: Called Strike
0-2: Strikes out swinging
Batting: RHB Victor Arias 0-0: Called Strike
0-1: Foul Ball, location: 2F
0-2: Ball
1-2: Strikes out swinging
Top of the 2nd over - 0 runs, 0 hits, 0 errors, 0 left on base; York 2 - Canton 4
BOTTOM OF THE 2ND
Canton Indians batting - Pitching for York Revolution : RHP Jeremy Trotter
Batting: SHB Javon Mitchell 0-0: Foul Ball, location: 2F
0-1: Swinging Strike
0-2: Strikes out swinging
Batting: LHB Shane Montalvo 0-0: Foul Ball, location: 2F
0-1: Ball
1-1: Fly out, F6 (Popup, 4M, EV 59.4 MPH)
Batting: RHB John Bianconi 0-0: SINGLE (Groundball, 56S, EV 64.4 MPH) (infield hit)
Batting: LHB Dave Key 0-0: Ball
1-0: Called Strike
1-1: Ball
2-1: Fly out, F7 (Line Drive, 7, EV 93.8 MPH)
Bottom of the 2nd over - 0 runs, 1 hit, 0 errors, 1 left on base; York 2 - Canton 4
TOP OF THE 3RD
York Revolution batting - Pitching for Canton Indians : RHP Josh Hughes
Batting: RHB Ivan Barrientos 0-0: SINGLE (Groundball, 6MD, EV 103.8 MPH)
Batting: RHB Frank Ramirez 0-0: Called Strike
0-1: Foul Ball, location: 2F
0-2: Ball
1-2: Ball
2-2: Strikes out looking
Batting: SHB Brett St. Clair 0-0: Ball
Ivan Barrientos steals 2nd, throwing error, E2
Ivan Barrientos to third
1-0: Foul Ball, location: 2F
1-1: Foul Ball, location: 2F
1-2: Ball
2-2: Ball
3-2: Foul Ball, location: 2F
3-2: Fly out, F6 (Flyball, 6D, EV 90.0 MPH)
Batting: RHB Lee Wright 0-0: Called Strike
0-1: Swinging Strike
0-2: Ball
1-2: Strikes out swinging
Top of the 3rd over - 0 runs, 1 hit, 1 error, 1 left on base; York 2 - Canton 4
BOTTOM OF THE 3RD
Canton Indians batting - Pitching for York Revolution : RHP Jeremy Trotter
Batting: LHB Jeff Palmowski 0-0: Called Strike
0-1: Ball
1-1: Foul Ball, location: 2F
1-2: Ball
2-2: Foul Ball, location: 2F
2-2: Foul Ball, location: 2F
2-2: Strikes out swinging
Batting: RHB Eric Kuck 0-0: Ground out 4-3 (Groundball, 4, EV 103.8 MPH)
Batting: RHB Jesus Montana 0-0: Foul Ball, location: 2F
0-1: Called Strike
0-2: Ball
1-2: Ball
2-2: Ball
3-2: Ground out U3 (Groundball, 3S, EV 66.2 MPH)
Bottom of the 3rd over - 0 runs, 0 hits, 0 errors, 0 left on base; York 2 - Canton 4
TOP OF THE 4TH
York Revolution batting - Pitching for Canton Indians : RHP Josh Hughes
Batting: RHB Guan-pei Gao 0-0: Called Strike
0-1: Foul Ball, location: 2F
0-2: Ball
1-2: Strikes out swinging
Batting: RHB Joel Gomez 0-0: Called Strike
0-1: Ground out 4-3 (Groundball, 4D, EV 85.6 MPH)
Batting: RHB Eddie Serna 0-0: Ball
1-0: Ball
2-0: Ball
3-0: Called Strike
3-1: Called Strike
3-2: Strikes out looking
Top of the 4th over - 0 runs, 0 hits, 0 errors, 0 left on base; York 2 - Canton 4
BOTTOM OF THE 4TH
Canton Indians batting - Pitching for York Revolution : RHP Jeremy Trotter
Batting: RHB Aaron Stout 0-0: Ball
1-0: Ball
2-0: Ground out 4-3 (Groundball, 4, EV 84.4 MPH)
Batting: RHB Ighlas Mwara 0-0: Ball
1-0: Ball
2-0: Called Strike
2-1: Called Strike
2-2: Ball
3-2: SOLO HOME RUN (Flyball, 7LD, EV 92.5 MPH), Distance : 343 ft
Batting: SHB Javon Mitchell 0-0: SINGLE (Groundball, 56, EV 101.2 MPH)
Batting: LHB Shane Montalvo 0-0: Foul Ball, location: 2F
0-1: Foul Ball, location: 2F
0-2: Ball
1-2: Strikes out swinging
Batting: RHB John Bianconi 0-0: Ground out 4-3 (Groundball, 3D, EV 100.6 MPH)
Bottom of the 4th over - 1 run, 2 hits, 0 errors, 1 left on base; York 2 - Canton 5
TOP OF THE 5TH
York Revolution batting - Pitching for Canton Indians : RHP Josh Hughes
Batting: SHB Steve DeRienzo 0-0: Called Strike
0-1: Ball
1-1: Called Strike
1-2: Strikes out swinging
Batting: RHB Victor Arias 0-0: Ball
1-0: Fly out, F8 (Flyball, 8LM, EV 85.6 MPH)
Batting: RHB Ivan Barrientos 0-0: Ball
1-0: Ground out 4-3 (Groundball, 4, EV 86.9 MPH)
Top of the 5th over - 0 runs, 0 hits, 0 errors, 0 left on base; York 2 - Canton 5
BOTTOM OF THE 5TH
Canton Indians batting - Pitching for York Revolution : RHP Jeremy Trotter
Batting: LHB Dave Key 0-0: SINGLE (Groundball, 56S, EV 73.1 MPH) (infield hit)
Pitching: LHP Hiroshi Mukae
Batting: LHB Jeff Palmowski 0-0: Fielders Choice at 2nd, 4-6 (Groundball, 4, EV 82.5 MPH)
Batting: RHB Eric Kuck 0-0: Swinging Strike
0-1: Ball
1-1: Swinging Strike
1-2: Ball
2-2: Foul Ball, location: 2F
2-2: Foul Ball, location: 2F
2-2: Strikes out swinging
Batting: RHB Jesus Montana 0-0: Ball
1-0: Called Strike
1-1: Swinging Strike
1-2: Ball
2-2: Strikes out looking
Bottom of the 5th over - 0 runs, 1 hit, 0 errors, 1 left on base; York 2 - Canton 5
TOP OF THE 6TH
York Revolution batting - Pitching for Canton Indians : RHP Josh Hughes
Batting: RHB Frank Ramirez 0-0: Swinging Strike
0-1: Ball
1-1: Ground out 4-3 (Groundball, 4S, EV 88.1 MPH)
Batting: SHB Brett St. Clair 0-0: Ball
1-0: Called Strike
1-1: Swinging Strike
1-2: Strikes out swinging
Batting: RHB Lee Wright 0-0: Called Strike
0-1: Foul Ball, location: 2F
0-2: Strikes out swinging
Top of the 6th over - 0 runs, 0 hits, 0 errors, 0 left on base; York 2 - Canton 5
BOTTOM OF THE 6TH
Canton Indians batting - Pitching for York Revolution : LHP Hiroshi Mukae
Batting: RHB Aaron Stout 0-0: Ball
1-0: Called Strike
1-1: Foul Ball, location: 2F
1-2: Strikes out looking
Batting: RHB Ighlas Mwara 0-0: Ball
1-0: Called Strike
1-1: Swinging Strike
1-2: Strikes out swinging
Batting: SHB Javon Mitchell 0-0: Ball
1-0: Ball
2-0: Ball
3-0: Base on Balls
Batting: LHB Shane Montalvo 0-0: Ball
1-0: Ball
2-0: SINGLE (Line Drive, 34, EV 101.9 MPH)
Javon Mitchell to second
Runner from 2nd tries for 3rd, SAFE, throw by RF made to third
Batting: RHB John Bianconi 0-0: Ball
1-0: Foul Ball, location: 2F
1-1: Foul Ball, location: 2F
1-2: DOUBLE (Line Drive, 78D, EV 103.8 MPH)
Javon Mitchell scores
Shane Montalvo to third
Runner from 3rd tries for Home, SAFE, no throw by CF
Batting: LHB Dave Key 0-0: Ball
1-0: Ball
2-0: TRIPLE (Flyball, 89XD, EV 106.2 MPH)
John Bianconi scores
Batting: LHB Jeff Palmowski 0-0: Called Strike
0-1: Foul Ball, location: 2F
0-2: Foul Ball, location: 2F
0-2: Ball
1-2: Ball
2-2: Ball
3-2: Strikes out swinging
Bottom of the 6th over - 3 runs, 3 hits, 0 errors, 1 left on base; York 2 - Canton 8
TOP OF THE 7TH
York Revolution batting - Pitching for Canton Indians : RHP Josh Hughes
Pitching: RHP Gilbert Paparelli
Batting: RHB Guan-pei Gao 0-0: Foul Ball, location: 2F
0-1: Foul Ball, location: 2F
0-2: Ball
1-2: Foul Ball, location: 2F
1-2: Ball
2-2: Ball
3-2: Strikes out swinging, 2-3 out at first.
Batting: RHB Joel Gomez 0-0: Called Strike
0-1: Swinging Strike
0-2: Strikes out swinging
Batting: RHB Eddie Serna 0-0: Swinging Strike
0-1: Foul Ball, location: 2F
0-2: Foul Ball, location: 2F
0-2: Ground out 6-3 (Groundball, 56, EV 88.1 MPH)
Top of the 7th over - 0 runs, 0 hits, 0 errors, 0 left on base; York 2 - Canton 8
BOTTOM OF THE 7TH
Canton Indians batting - Pitching for York Revolution : LHP Hiroshi Mukae
Pitching: RHP Pablo Medina
Batting: RHB Eric Kuck 0-0: Ball
1-0: Ground out 5-3 (Groundball, 5, EV 100.0 MPH)
Batting: RHB Jesus Montana 0-0: Foul Ball, location: 2F
0-1: Swinging Strike
0-2: Ball
1-2: SINGLE (Line Drive, 8RS, EV 95.6 MPH)
Batting: RHB Aaron Stout 0-0: Ball
1-0: Ball
Jesus Montana steals 2nd base
2-0: Swinging Strike
2-1: Swinging Strike
2-2: Ball
3-2: TRIPLE (Flyball, 8LXD, EV 95.6 MPH)
Jesus Montana scores
Pinch Hitting: RHB Jonathan Livingston 0-0: Ball
1-0: DOUBLE (Flyball, 8LD, EV 96.2 MPH)
Aaron Stout scores
Pinch Hitting: RHB Jose Argueta 0-0: Foul Ball, location: 2F
0-1: Ground out U3 (Groundball, 3, EV 80.0 MPH)
Jonathan Livingston to third
Pinch Hitting: RHB Jason Roberts 0-0: Swinging Strike
0-1: Ball
1-1: Swinging Strike
1-2: Ball
2-2: Ball
3-2: Strikes out looking
Bottom of the 7th over - 2 runs, 3 hits, 0 errors, 1 left on base; York 2 - Canton 10
TOP OF THE 8TH
York Revolution batting - Pitching for Canton Indians : RHP Gilbert Paparelli
Now at 2B: Jose Argueta
Now at SS: John Bianconi
Now in CF: Jonathan Livingston
Now in RF: Jason Roberts
Batting: SHB Steve DeRienzo 0-0: Swinging Strike
0-1: Ball
1-1: SINGLE (Flyball, 5D, EV 92.5 MPH)
Batting: RHB Victor Arias 0-0: Ball
1-0: Foul Ball, location: 2F
1-1: Ball
2-1: Foul Ball, location: 2F
2-2: Strikes out swinging
Pinch Hitting: LHB Joel Moore 0-0: Fielders Choice at 2nd, 2-4 (Groundball, 15S, EV 68.8 MPH)
Batting: RHB Frank Ramirez 0-0: Fielders Choice at 2nd, 5-4 (Groundball, 56, EV 84.4 MPH)
Top of the 8th over - 0 runs, 1 hit, 0 errors, 1 left on base; York 2 - Canton 10
BOTTOM OF THE 8TH
Canton Indians batting - Pitching for York Revolution : RHP Pablo Medina
Now in CF: Rich Kuehne
Pinch Hitting: RHB Luke Burnham 0-0: Ball
1-0: Foul Ball, location: 2F
1-1: Ball
2-1: Ground out 6-3 (Groundball, 6, EV 88.8 MPH)
Pinch Hitting: RHB Kevin Trull 0-0: Swinging Strike
0-1: Foul Ball, location: 2F
0-2: Ball
1-2: Ball
2-2: Ball
3-2: SINGLE (Groundball, 6MD, EV 96.2 MPH)
Batting: LHB Jeff Palmowski 0-0: Called Strike
0-1: Ball
1-1: Foul Ball, location: 2F
1-2: Strikes out swinging
Batting: RHB Eric Kuck 0-0: Foul Ball, location: 2F
0-1: Foul Ball, location: 2F
0-2: Ball
1-2: Ball
2-2: Fielders Choice at 2nd, U6 (Groundball, 6M, EV 89.4 MPH)
Bottom of the 8th over - 0 runs, 1 hit, 0 errors, 1 left on base; York 2 - Canton 10
TOP OF THE 9TH
York Revolution batting - Pitching for Canton Indians : RHP Gilbert Paparelli
Now at 1B: Kevin Trull
Now at 3B: Luke Burnham
Now at SS: Aaron Stout
Batting: SHB Brett St. Clair 0-0: Ball
1-0: Ball
2-0: Ball
3-0: Base on Balls
Batting: RHB Lee Wright 0-0: Ball
1-0: Ball
2-0: Called Strike
2-1: Foul Ball, location: 2F
2-2: Foul Ball, location: 2F
2-2: Strikes out swinging
Batting: RHB Guan-pei Gao 0-0: Ball
1-0: Called Strike
1-1: Called Strike
1-2: Strikes out swinging
Batting: RHB Joel Gomez 0-0: Swinging Strike
0-1: Called Strike
0-2: Strikes out swinging
Top of the 9th over - 0 runs, 0 hits, 0 errors, 1 left on base; York 2 - Canton 10
Wednesday, June 22nd , 2022 - OOTP Baseball 23.4 Build 64